 Dungeon Crawl Stone Soup version 0.22-a0-537-ge9e9f76342 (webtiles) character file.

810 Deemzul the Covert (level 7, 0/45 HPs)
             Began as an Octopode Assassin on June 23, 2018.
             Slain by Pikel
             ... wielding a +0 whip of flaming
              (5 damage)
             ... on level 4 of the Dungeon.
             The game lasted 00:05:44 (4439 turns).

Deemzul the Covert (Octopode Assassin)              Turns: 4439, Time: 00:05:45

Health: 0/45       AC:  1    Str: 17    XL:     7   Next: 92%
Magic:  7/7        EV: 15    Int: 16    God:
Gold:   208        SH:  0    Dex: 20    Spells: 6/6 levels left

rFire    . . .     SeeInvis .   p - +10 mace "Zemiol Jod" {holy, Str+2}
rCold    . . .     Gourm    .   (no shield)
rNeg     . . .     Faith    .   (helmet restricted)
rPois    .         Spirit   .   (no amulet)
rElec    .         Reflect  .   j - +5 ring of dexterity
rCorr    .         Harm     .   (no ring)
MR       .....     Rnd*Rage +   (no ring)
Stlth    +++++.....             (no ring)
HPRegen  0.15/turn              (no ring)
MPRegen  0.10/turn              (no ring)
                                (no ring)
                                (no ring)

@: mighty, hasted, very quick
A: almost no armour, stealthy swim, amphibious, 8 rings, constrict 8, camouflage
1, berserk 1, blink, clever 1, frail 1, gelatinous body 1
a: Blink


You were on level 4 of the Dungeon.
You were near starving.

You visited 1 branch of the dungeon, and saw 5 of its levels.

You collected 306 gold pieces.
You spent 98 gold pieces at shops.

Inventory:

Hand Weapons
 b - a +0 blowgun
 p - the +10 mace "Zemiol Jod" (weapon) {holy, Str+2}
   (You found it on level 5 of the Dungeon)

   It has been blessed by the Shining One to cause great damage to the undead
   and demons.
   It affects your strength (+2).
 t - a +0 falchion of holy wrath
Missiles
 c - 28 poisoned needles
 d - 2 curare-tipped needles
Jewellery
 j - a +5 ring of dexterity (left tentacle)
Scrolls
 e - a scroll of identify
 g - a scroll of immolation {unknown}
 h - 3 scrolls of remove curse
 k - 3 scrolls of teleportation
 o - 2 scrolls of enchant armour {unknown}
 q - 3 scrolls of enchant weapon {unknown}
 x - a scroll of fog {unknown}
Potions
 i - 2 potions of magic
 l - 3 potions of heal wounds
 m - a potion of brilliance
 n - 2 potions of curing
Comestibles
 f - 8 rations


   Skills:
 * Level 5.3 Fighting
   Level 3.3(3.5) Short Blades
 - Level 1.4(2.6) Long Blades
 + Level 0.4 Maces & Flails
 - Level 2.0 Throwing
 + Level 3.3 Dodging
 * Level 8.9 Stealth


You had 6 spell levels left.
You didn't know any spells.
Your spell library was empty.

Dungeon Overview and Level Annotations

Branches:
Dungeon (5/15)
 Temple: D:4-7

Altars:
Cheibriados

Shops:
D:5 *

Annotations:
D:4 Pikel


Innate Abilities, Weirdness & Mutations

You cannot wear most types of armour.
You are very stealthy in the water. (Stealth+)
You are amphibious.
You can wear up to eight rings at the same time.
You can use your tentacles to constrict eight enemies at once.
Your skin changes colour to match your surroundings (Stealth+).
Your rubbery body absorbs attacks. (AC +1, EV +1)
You tend to lose your temper in combat.
You can translocate small distances at will.
Your mind is acute. (Int +2)
You are frail. (-10% HP)


Message History

You hit Pikel. Your grab misses Pikel.
Pikel is lightly wounded.
Pikel hits you with a whip of flaming. Pikel burns you.
You hit Pikel. Your grab misses Pikel. You squeeze Pikel.
Pikel is moderately wounded.
Pikel hits you with a whip of flaming. Pikel burns you.
Press: ? - help, v - describe, . - travel
Here: Pikel, wielding a whip of flaming and wearing a runed robe (moderately wounded)
A stone staircase leading down.
There is an escape hatch in the floor here.
You feel yourself speed up. Pikel closely misses you.
You feel very mighty all of a sudden. Pikel hits you with a whip of flaming!
Pikel burns you. The ogre barely misses you.
You hit Pikel. You grab Pikel. You squeeze Pikel.
Pikel is heavily wounded.
You constrict Pikel, but do no damage. Pikel hits you with a whip of flaming!
* * * LOW HITPOINT WARNING * * *
Pikel burns you.
You die...

##.## ##.#.##
###########.###.########
#.............(..###..####
#..>#
.########.........##..#
#...# .#
#.#.#.....##..#######...#
)#
#.#.#.......[...........#


You could see Pikel and an ogre.

Vanquished Creatures
  Grinder (D:3)
  A slave (D:5)
  2 scorpions
  A crimson imp (D:5)
  3 hounds
  A gnoll shaman (D:4)
  An orc wizard (D:5)
  Crazy Yiuf (D:2)
  An orc priest (D:5)
  Terence (D:2)
  2 worker ants (D:5)
  A worker ant zombie (D:5)
  4 gnolls
  2 adders
  2 adder skeletons (D:4)
  2 worms (D:2)
  6 dart slugs
  4 leopard geckos (D:1)
  13 orcs
  8 giant cockroaches
  9 goblins
  4 hobgoblins
  3 jackals (D:5)
  3 quokkas
  3 ball pythons
  8 bats
  3 frilled lizards
  7 kobolds
  A leopard gecko skeleton (D:5)
  A quokka skeleton (D:5)
  5 rats
104 creatures vanquished.

Notes
Turn   | Place    | Note
-------+----------+-------------------------------------------
     0 | D:1      | Deemzul the Octopode Assassin began the quest for the Orb.
     0 | D:1      | Reached XP level 1. HP: 14/14 MP: 1/1
   218 | D:1      | Reached XP level 2. HP: 19/19 MP: 2/2
   717 | D:1      | Reached XP level 3. HP: 25/25 MP: 3/3
   913 | D:2      | Noticed Terence
   920 | D:2      | Killed Terence
   920 | D:2      | Reached skill level 6 in Stealth
   921 | D:2      | Found a snail-covered altar of Cheibriados.
   925 | D:2      | Reached XP level 4. HP: 27/30 MP: 4/4
  1111 | D:2      | Found a runed door.
  1496 | D:2      | Noticed Crazy Yiuf
  1500 | D:2      | Killed Crazy Yiuf
  1500 | D:2      | Reached XP level 5. HP: 36/36 MP: 5/5
  1543 | D:3      | Noticed Grinder
  1551 | D:3      | Killed Grinder
  1551 | D:3      | Reached skill level 7 in Stealth
  1551 | D:3      | Reached XP level 6. HP: 29/43 MP: 6/6
  2369 | D:4      | Noticed a phantom
  2532 | D:4      | Reached XP level 7. HP: 48/49 MP: 7/7
  2649 | D:4      | Reached skill level 8 in Stealth
  3494 | D:5      | Entered Level 5 of the Dungeon
  3514 | D:5      | Reached skill level 1 in Long Blades
  3541 | D:5      | Reached skill level 5 in Fighting
  3806 | D:4      | Gained mutation: Your mind is acute. (Int +2) [potion of mutation]
  3806 | D:4      | Gained mutation: You are frail. (-10% HP) [potion of mutation]
  3806 | D:4      | Gained mutation: You tend to lose your temper in combat. [potion of mutation]
  3806 | D:4      | Gained mutation: You can translocate small distances at will. [potion of mutation]
  4095 | D:5      | Got a scorched mace
  4096 | D:5      | Identified the +10 mace "Zemiol Jod" {holy, Str+2} (You found it on level 5 of the Dungeon)
  4101 | D:5      | Found Muock's General Store.
  4109 | D:5      | Bought a potion of heal wounds for 70 gold pieces
  4109 | D:5      | Bought a scroll of identify for 28 gold pieces
  4411 | D:5      | Noticed Pikel
  4439 | D:4      | Slain by Pikel

Vault maps used:
D:1:      co_arrival_random_square_maze
D:2:      kennysheep_slug_shrine, minmay_randomly_rotated_circles,
          uniq_crazy_yiuf_cottage, uniq_terence
D:3:      first_ration, minmay_stone_trees_medium, lemuel_another_geyser,
          uniq_grinder
D:5:      minmay_temple_entry_hall, serial_shops, shop, uniq_pikel

Skill      XL: |  1  2  3  4  5  6  7 |
---------------+----------------------+-----
Stealth        | 6 7 8 |  8.9
Fighting       | 3 4 5 |  5.3
Dodging        | 2 3 |  3.3
Short Blades   | 3 |  3.3
Long Blades    | 1 |  1.4
Maces & Flails | |  0.4
Throwing       | |  2.0

Action                   |  1- 3 |  4- 6 |  7- 9 || total
-------------------------+-------+-------+-------++-------
Melee: Dagger            |    38 |    70 |    43 ||   151
       Constrict         |    10 |    18 |    20 ||    48
       Tentacles         |     9 |    12 |    17 ||    38
       Falchion          |       |     3 |     8 ||    11
       Mace              |       |       |    24 ||    24
  Use: Scroll            |       |       |     7 ||     7
       Potion            |       |       |     3 ||     3
 Stab: Sleeping          |     8 |    27 |     7 ||    42
       Distracted        |       |       |     2 ||     2
  Eat: Chunk             |       |     4 |     5 ||     9
Armor: Skin              |     3 |     5 |     1 ||     9
Dodge: Dodged            |    17 |    30 |    45 ||    92
       Rpst.: Falchion   |       |     1 |     3 ||     4

Table legend:
 A = Spawn XP
 B = Non-spawn XP
 C = Spawn XP percentage of total XP
 D = Spawn monster count
 E = Non-spawn monster count
 F = Spawn count percentage of total count
 G = Total turns spent on level
                    A         B        C        D         E        F      G
               +---------+---------+-------+---------+---------+-------+---------
         Total |       0 |    1158 |   0.0 |       0 |     103 |   0.0 |  4439
               +---------+---------+-------+---------+---------+-------+---------
           D:1 |       0 |      38 |   0.0 |       0 |      20 |   0.0 |   913
           D:2 |       0 |     135 |   0.0 |       0 |      25 |   0.0 |   625
           D:3 |       0 |     362 |   0.0 |       0 |      24 |   0.0 |  1460
           D:4 |       0 |     267 |   0.0 |       0 |      15 |   0.0 |   896
           D:5 |       0 |     356 |   0.0 |       0 |      19 |   0.0 |   545
               +---------+---------+-------+---------+---------+-------+---------
